General information
- name: BNet
- type: Ladder team game (AT/RT)
- host: Battle.net
- saver: ROAD-KILL.
map: LastManStanding
- players: 8
- length: 19:56
- speed: Fast
- version: 1.26 W3XP
- replay type: Public
» download(139 KB)
Players
team 1 (loser)

»
justfindafkngam (
teal | 104 APM | 1971 actions | 19:01)
4 Dreadlord
2 Sleep
2 Vampiric Aura
3 Death Knight
2 Death Coil
1 Unholy Aura
2 Pit Lord
1 Rain of Fire
1 Cleaving Attack
» actions
| Assign group hotkey | 39 | |
| Basic commands | 68 | |
| Build / train | 65 | |
| Enter build submenu | 25 | |
| Enter hero's abilities submenu | 10 | |
| Give item / drop item | 1 | |
| Remove unit from queue | 1 | |
| Right click | 608 | |
| Select / deselect | 300 | |
| Select group hotkey | 777 | |
| Use ability | 77 | |
1971 total
» units
| Acolyte | 11 | |
| Ghoul | 7 | |
| Crypt Fiend | 6 | |
| Gargoyle | 4 | |
| Obsidian Statue | 3 | |
| Frost Wyrm | 2 | |
33 total
» upgrades
| Creature Attack | 3 | |
| Web | 1 | |
| Creature Carapace | 2 | |
| Destroyer Form | 1 | |
| Ghoul Frenzy | 1 | |
8 total
» buildings
| Crypt | 2 | |
| Ziggurat | 12 | |
| Altar of Darkness | 1 | |
| Tomb of Relics | 3 | |
| Nerubian Tower | 1 | |
| Graveyard | 1 | |
| Halls of the Dead | 2 | |
| Slaughterhouse | 1 | |
| Black Citadel | 1 | |
| Sacrificial Pit | 1 | |
| Boneyard | 2 | |
| Spirit Tower | 1 | |
28 total
» build order
00:10 Crypt
00:19 Ziggurat
00:56 Altar of Darkness
01:05 Ziggurat
01:20 Tomb of Relics
01:58 Nerubian Tower
02:31 Graveyard
04:15 Ziggurat
05:01 Halls of the Dead
05:01 Halls of the Dead
06:29 Ziggurat
08:37 Ziggurat
09:19 Slaughterhouse
09:24 Black Citadel
09:27 Sacrificial Pit
09:34 Ziggurat
09:45 Crypt
10:20 Ziggurat
10:21 Tomb of Relics
11:41 Tomb of Relics
13:01 Ziggurat
13:02 Boneyard
13:03 Boneyard
15:43 Ziggurat
17:10 Spirit Tower
17:11 Ziggurat
17:12 Ziggurat
17:13 Ziggurat
» items
| Rod of Necromancy | 3 | |
| Orb of Corruption | 1 | |
4 total
faysals (
purple | 32 APM | 642 actions | 19:52)
3 Archmage
2 Summon Water Elemental
1 Brilliance Aura
2 Dark Ranger
1 Life Drain
1 Silence
» actions
| Assign group hotkey | 8 | |
| Basic commands | 29 | |
| Build / train | 38 | |
| Enter build submenu | 14 | |
| Enter hero's abilities submenu | 5 | |
| Right click | 315 | |
| Select / deselect | 157 | |
| Select group hotkey | 45 | |
| Use ability | 31 | |
642 total
» units
» upgrades
| Swords | 3 | |
| Plating | 3 | |
| Animal War Training | 1 | |
7 total
» buildings
| Altar of Kings | 1 | |
| Farm | 13 | |
| Barracks | 2 | |
| Keep | 1 | |
| Blacksmith | 1 | |
| Lumber Mill | 1 | |
| Castle | 1 | |
| Arcane Vault | 1 | |
21 total
» build order
00:09 Altar of Kings
00:15 Farm
00:28 Barracks
00:57 Farm
02:19 Farm
03:02 Keep
03:05 Farm
04:07 Blacksmith
04:29 Lumber Mill
05:58 Castle
06:05 Barracks
07:34 Farm
07:35 Farm
07:35 Farm
08:52 Arcane Vault
09:31 Farm
09:32 Farm
09:32 Farm
12:07 Farm
12:08 Farm
» items

»
grimmlok (
green | 26 APM | 500 actions | 19:24)
4 Dark Ranger
2 Life Drain
2 Silence
» actions
| Assign group hotkey | 16 | |
| Build / train | 44 | |
| ESC pressed | 1 | |
| Enter build submenu | 17 | |
| Enter hero's abilities submenu | 4 | |
| Remove unit from queue | 2 | |
| Right click | 148 | |
| Select / deselect | 172 | |
| Select group hotkey | 55 | |
| Use ability | 41 | |
500 total
» units
| Peasant | 14 | |
| Dragonhawk Rider | 4 | |
| Gryphon Rider | 9 | |
| Razormane Medicine Man | 2 | |
29 total
» upgrades
| Lumber Harvesting | 2 | |
| Swords | 2 | |
| Armor | 1 | |
| Storm Hammers | 1 | |
6 total
» buildings
| Farm | 9 | |
| Keep | 1 | |
| Altar of Kings | 1 | |
| Lumber Mill | 1 | |
| Blacksmith | 1 | |
| Gryphon Aviary | 3 | |
| Castle | 1 | |
| Arcane Vault | 1 | |
| Town Hall | 1 | |
19 total
» build order
01:06 Farm
01:38 Keep
01:50 Altar of Kings
02:09 Lumber Mill
02:56 Blacksmith
04:12 Farm
04:41 Gryphon Aviary
04:45 Gryphon Aviary
04:52 Gryphon Aviary
04:58 Farm
05:55 Castle
06:15 Farm
06:54 Arcane Vault
06:57 Farm
07:38 Farm
08:23 Farm
09:01 Farm
10:11 Farm
12:12 Town Hall
hippieblossem4 (
orange | 41 APM | 816 actions | 19:43)
4 Death Knight
2 Death Coil
2 Unholy Aura
» actions
| Assign group hotkey | 15 | |
| Build / train | 58 | |
| ESC pressed | 2 | |
| Enter build submenu | 23 | |
| Enter hero's abilities submenu | 4 | |
| Right click | 213 | |
| Select / deselect | 277 | |
| Select group hotkey | 195 | |
| Use ability | 29 | |
816 total
» units
| Acolyte | 7 | |
| Ghoul | 6 | |
| Crypt Fiend | 14 | |
| Centaur Outrunner | 1 | |
| Frost Wyrm | 5 | |
| Abomination | 2 | |
| Obsidian Statue | 1 | |
36 total
» upgrades
| Creature Carapace | 2 | |
| Creature Attack | 3 | |
| Web | 1 | |
| Freezing Breath | 2 | |
8 total
» buildings
| Altar of Darkness | 1 | |
| Ziggurat | 9 | |
| Crypt | 1 | |
| Graveyard | 1 | |
| Halls of the Dead | 1 | |
| Spirit Tower | 6 | |
| Black Citadel | 1 | |
| Sacrificial Pit | 1 | |
| Boneyard | 1 | |
| Slaughterhouse | 1 | |
| Tomb of Relics | 1 | |
24 total
» build order
00:12 Altar of Darkness
00:23 Ziggurat
00:58 Crypt
01:20 Graveyard
01:28 Ziggurat
03:28 Halls of the Dead
04:47 Ziggurat
04:52 Spirit Tower
05:48 Ziggurat
07:23 Black Citadel
08:49 Sacrificial Pit
10:00 Boneyard
11:10 Ziggurat
11:49 Ziggurat
12:28 Slaughterhouse
12:38 Ziggurat
14:36 Spirit Tower
14:40 Spirit Tower
15:24 Ziggurat
16:53 Spirit Tower
16:55 Spirit Tower
17:59 Tomb of Relics
18:28 Ziggurat
19:32 Spirit Tower
team 2 (winner)
iCumonyourmom (
yellow | 68 APM | 1362 actions | 19:53)
6 Demon Hunter
2 Immolation
3 Evasion
1 Metamorphosis
2 Keeper of the Grove
1 Thorns Aura
1 Entangling Roots
» actions
| Assign group hotkey | 31 | |
| Basic commands | 110 | |
| Build / train | 74 | |
| Enter build submenu | 29 | |
| Enter hero's abilities submenu | 8 | |
| Remove unit from queue | 1 | |
| Right click | 408 | |
| Select / deselect | 313 | |
| Select group hotkey | 351 | |
| Use ability | 37 | |
1362 total
» units
| Wisp | 23 | |
| Archer | 10 | |
| Druid of the Talon | 9 | |
| Hippogryph | 5 | |
| Chimaera | 4 | |
51 total
» upgrades
| Reinforced Hides | 2 | |
| Ultravision | 1 | |
| Well Spring | 1 | |
| Corrosive Breath | 1 | |
| Druid of the Talon Training | 2 | |
| Strength of the Wild | 1 | |
| Mark of the Talon | 1 | |
9 total
» buildings
| Moon Well | 8 | |
| Ancient of War | 1 | |
| Altar of Elders | 1 | |
| Tree of Ages | 1 | |
| Hunter's Hall | 1 | |
| Tree of Life | 1 | |
| Ancient of Wind | 1 | |
| Tree of Eternity | 2 | |
| Chimaera Roost | 3 | |
| Ancient of Wonders | 1 | |
| Ancient Protector | 4 | |
24 total
» build order
00:16 Moon Well
00:39 Ancient of War
01:13 Altar of Elders
01:28 Moon Well
02:30 Moon Well
03:15 Tree of Ages
03:27 Moon Well
05:05 Moon Well
05:52 Hunter's Hall
06:35 Tree of Life
06:44 Moon Well
06:55 Ancient of Wind
07:03 Tree of Eternity
07:04 Tree of Eternity
08:04 Moon Well
09:01 Moon Well
09:27 Chimaera Roost
09:32 Chimaera Roost
09:36 Chimaera Roost
12:08 Ancient of Wonders
12:15 Ancient Protector
12:35 Ancient Protector
12:50 Ancient Protector
13:29 Ancient Protector
Ratfink (
red | 55 APM | 1100 actions | 19:53)
4 Archmage
2 Summon Water Elemental
2 Brilliance Aura
3 Mountain King
2 Storm Bolt
1 Thunder Clap
» actions
| Assign group hotkey | 30 | |
| Basic commands | 51 | |
| Build / train | 59 | |
| ESC pressed | 1 | |
| Enter build submenu | 21 | |
| Enter hero's abilities submenu | 7 | |
| Right click | 345 | |
| Select / deselect | 255 | |
| Select group hotkey | 287 | |
| Use ability | 44 | |
1100 total
» units
| Peasant | 14 | |
| Footman | 4 | |
| Centaur Outrunner | 1 | |
| Rifleman | 4 | |
| Sorceress | 3 | |
| Spell Breaker | 3 | |
| Priest | 5 | |
34 total
» upgrades
| Lumber Harvesting | 1 | |
| Swords | 2 | |
| Plating | 2 | |
| Sorceress Training | 2 | |
| Priest Training | 2 | |
| Control Magic | 1 | |
10 total
» buildings
| Barracks | 1 | |
| Altar of Kings | 2 | |
| Farm | 10 | |
| Arcane Vault | 1 | |
| Blacksmith | 1 | |
| Keep | 1 | |
| Lumber Mill | 1 | |
| Arcane Sanctum | 4 | |
| Town Hall | 2 | |
| Castle | 1 | |
24 total
» build order
00:04 Barracks
00:06 Altar of Kings
00:12 Altar of Kings
00:24 Farm
01:08 Farm
01:49 Arcane Vault
03:15 Farm
03:27 Blacksmith
04:17 Keep
05:15 Lumber Mill
05:50 Farm
06:40 Farm
06:41 Farm
06:45 Arcane Sanctum
06:48 Arcane Sanctum
08:39 Town Hall
08:55 Arcane Sanctum
10:18 Arcane Sanctum
10:26 Farm
10:27 Farm
12:11 Castle
13:30 Farm
13:31 Farm
17:27 Town Hall
» items

»
ROAD-KILL. (
blue | 63 APM | 1247 actions | 19:56)
8 Goblin Alchemist
3 Healing Spray
3 Acid Bomb
1 Transmute
1 Chemical Rage
» actions
| Assign group hotkey | 63 | |
| Basic commands | 2 | |
| Build / train | 48 | |
| Enter build submenu | 12 | |
| Enter hero's abilities submenu | 8 | |
| Right click | 627 | |
| Select / deselect | 140 | |
| Select group hotkey | 310 | |
| Use ability | 37 | |
1247 total
» units
| Acolyte | 2 | |
| Ghoul | 3 | |
| Gargoyle | 19 | |
| Goblin Zeppelin | 1 | |
25 total
» upgrades
| Creature Attack | 3 | |
| Creature Carapace | 3 | |
| Stone Form | 1 | |
7 total
» buildings
| Crypt | 3 | |
| Ziggurat | 6 | |
| Altar of Darkness | 1 | |
| Graveyard | 1 | |
| Halls of the Dead | 2 | |
| Tomb of Relics | 1 | |
| Spirit Tower | 2 | |
| Black Citadel | 1 | |
17 total
» build order
00:07 Crypt
00:10 Ziggurat
00:33 Altar of Darkness
02:07 Graveyard
02:25 Halls of the Dead
02:26 Halls of the Dead
02:33 Ziggurat
03:05 Ziggurat
03:08 Ziggurat
03:26 Crypt
04:34 Tomb of Relics
09:57 Spirit Tower
10:39 Spirit Tower
11:11 Black Citadel
12:27 Ziggurat
12:30 Ziggurat
15:29 Crypt
» items
| Scroll of Town Portal | 1 | |
| Scroll of Regeneration | 1 | |
2 total
King.Kush (
pink | 52 APM | 1030 actions | 19:53)
6 Keeper of the Grove
3 Force of Nature
2 Entangling Roots
1 Tranquility
» actions
| Assign group hotkey | 26 | |
| Build / train | 58 | |
| Enter build submenu | 16 | |
| Enter hero's abilities submenu | 6 | |
| Give item / drop item | 1 | |
| Remove unit from queue | 1 | |
| Right click | 315 | |
| Select / deselect | 222 | |
| Select group hotkey | 308 | |
| Use ability | 76 | |
1030 total
» units
| Wisp | 20 | |
| Archer | 5 | |
| Dryad | 3 | |
| Faerie Dragon | 3 | |
| Druid of the Talon | 1 | |
| Druid of the Claw | 5 | |
37 total
» upgrades
| Reinforced Hides | 3 | |
| Abolish Magic | 1 | |
| Strength of the Wild | 2 | |
| Druid of the Claw Training | 2 | |
| Mark of the Claw | 1 | |
| Druid of the Talon Training | 2 | |
11 total
» buildings
| Altar of Elders | 1 | |
| Moon Well | 8 | |
| Ancient of War | 1 | |
| Tree of Ages | 1 | |
| Hunter's Hall | 1 | |
| Ancient of Wonders | 1 | |
| Ancient of Lore | 2 | |
| Tree of Life | 1 | |
| Ancient of Wind | 1 | |
| Tree of Eternity | 1 | |
18 total
» build order
00:06 Altar of Elders
00:08 Moon Well
00:19 Ancient of War
01:51 Moon Well
03:08 Tree of Ages
03:44 Hunter's Hall
04:21 Ancient of Wonders
05:39 Ancient of Lore
05:52 Moon Well
06:52 Ancient of Lore
07:32 Moon Well
08:35 Moon Well
10:00 Tree of Life
10:25 Ancient of Wind
10:47 Moon Well
11:23 Tree of Eternity
17:50 Moon Well
17:51 Moon Well
Chat log
(00:37 / Allies) King.Kush: cc?
(00:39 / Allies) King.Kush: rush?
(00:41 / Allies) King.Kush: what>
(00:44 / Allies) Ratfink: yeh
(00:45 / Allies) iCumonyourmom: i dont care
(00:46 / Allies) iCumonyourmom: what ever
(00:58 / Allies) Ratfink: oh
(00:59 / Allies) Ratfink: deep
(01:01 / Allies) Ratfink: emo
(01:04 / Allies) Ratfink: goddam hardcore
(01:20 / Allies) King.Kush: wtf r u taliing about
(01:24 / Allies) King.Kush: cc or rush>\
(01:25 / Allies) King.Kush: lol
(01:26 / Allies) ROAD-KILL.: Father yelled at me again.
(01:29 / Allies) iCumonyourmom: lol
(01:32 / Allies) iCumonyourmom: lol
(01:33 / Allies) iCumonyourmom: lol
(01:41 / Allies) King.Kush: good u desirved it
(01:44 / Allies) Ratfink: did he spank you too?
(01:54 / Allies) iCumonyourmom: no just cummed on his mom
(02:01 / Allies) Ratfink: hm
(02:03 / Allies) Ratfink: in anyways
(02:06 / Allies) Ratfink: obviously
(02:11 / Allies) iCumonyourmom: LOL
(02:13 / All) iCumonyourmom: LMAO
(02:19 / Allies) iCumonyourmom: ture
(02:21 / All) ROAD-KILL.: THIS TEAM OF OURS IS FUCKED UP LOL
(02:21 / Allies) iCumonyourmom: true
(02:23 / Allies) Ratfink: don't piss yourself
(02:35 / All) grimmlok: in the good way?
(02:49 / All) Ratfink: FUCK
(02:50 / All) iCumonyourmom: i cumed on blues mom then i spanked him
(02:52 / All) ROAD-KILL.: one fucker says he is gonna cum on my mom, one said his dad beats him, the other is talking about spanking
(02:52 / All) Ratfink: FUCKING HARPIES
(03:05 / All) iCumonyourmom: BLUE LAMO
(03:07 / All) iCumonyourmom: LMAO
(03:08 / All) Ratfink: bro, don;t be jelly
(03:20 / All) ROAD-KILL.: 4v4rt is survival of the fittest
(03:44 / Allies) iCumonyourmom: ok real talk whats game plan
(03:47 / Allies) Ratfink: what the fuck is with the fucking harpies anyways
(03:59 / Allies) Ratfink: breakers n casters n shit
(04:07 / Allies) Ratfink: some rifes to begin too
(04:16 / Allies) ROAD-KILL.: im gonna solo creep the level ten dragon in 3 min nobody come with me
(04:19 / Allies) iCumonyourmom: ill go chimes
(04:21 / Allies) ROAD-KILL.: that is "come" not "Cum"
(04:29 / Allies) iCumonyourmom: lmao
(04:31 / Allies) Ratfink: sooo you want people to cum with you>
(04:32 / Allies) iCumonyourmom: ok cool
(04:46 / Allies) iCumonyourmom: im taking mine
(04:52 / Allies) Ratfink: it's fucking harpies
(04:55 / Allies) Ratfink: oh wait yer NE
(04:56 / Allies) Ratfink: range
(04:58 / Allies) Ratfink: FUCKE
(05:13 / Allies) ROAD-KILL.: lil bit of gold? i want to creep the dragon quick then back out
(05:24 / Allies) Ratfink: got like
(05:26 / Allies) Ratfink: no gold
(05:27 / Allies) iCumonyourmom: rfed come help
(05:38 / All) Ratfink: THAT`S NOT MY NAME ASSHOLE
(05:39 / Allies) ROAD-KILL.: quit being arrogant and do as i say assholes jeez
(06:21 / Allies) Ratfink: aw what the fuck
(06:22 / Allies) iCumonyourmom: damn
(06:23 / Allies) iCumonyourmom: that was fast
(06:24 / Allies) iCumonyourmom: thanks
(06:34 / Allies) Ratfink: takin all the goddam items real nice
(07:03 / Allies) Ratfink: fuck
(07:06 / Allies) Ratfink: need a fucking expo
(07:19 / Allies) Ratfink: lets go
(07:22 / Allies) iCumonyourmom: omw
(07:35 / Allies) Ratfink: blue what in the fuck are you doing
(07:41 / All) Ratfink: YEAH THATèS ME ASSHOLE
(07:53 / Allies) iCumonyourmom: brt
(07:56 / Allies) ROAD-KILL.: getting my crown of kings
(08:00 / Allies) ROAD-KILL.: it was worth losing 5 gargs
(08:41 / Allies) Ratfink: thanks bruh
(08:45 / Allies) iCumonyourmom: yeh bud
(08:52 / Allies) King.Kush: u gottan xpo soon or what
(08:58 / Allies) King.Kush: u slacking u bitch
(09:01 / Allies) King.Kush: why u say u take
(09:05 / Allies) King.Kush: if ur slow4
(09:18 / Allies) ROAD-KILL.: so much arrogance in one game i like it
(09:24 / Allies) Ratfink: fucking rights
(09:29 / Allies) Ratfink: everyone can suck on my dong
(09:31 / Allies) King.Kush: i think im goona leav
(09:32 / Allies) Ratfink: even jesus
(09:36 / Allies) King.Kush: bunch of noobs on my team
(09:39 / Allies) ROAD-KILL.: stay pink
(09:40 / Allies) ROAD-KILL.: we are friends
(09:44 / Allies) ROAD-KILL.: i give pics of my sister
(09:55 / Allies) Ratfink: yeah bruh don`t be difficult
(09:58 / Allies) Ratfink: yer playing 4v4
(10:03 / Allies) Ratfink: it`s not some pro shit
(10:03 / Allies) King.Kush: myn now
(10:06 / Allies) King.Kush: i need it
(10:09 / Allies) Ratfink: it`s a bunch of BS and fun
(12:55 / Allies) iCumonyourmom: red
(12:58 / Allies) iCumonyourmom: more peons
(12:58 / Allies) Ratfink: yo
(13:05 / Allies) Ratfink: hall just finshed
(13:08 / Allies) Ratfink: and Im building them
(13:10 / Allies) iCumonyourmom: oh ok
(13:10 / Allies) Ratfink: like just
(13:15 / Allies) Ratfink: as in I heard job done and went to it
(13:44 / Allies) King.Kush: we have any melle?4
(13:52 / Allies) Ratfink: lol don`think so
(14:02 / Allies) Ratfink: ah shit nuts
(14:07 / Allies) Ratfink: fuckin found my fucking expo
(14:10 / Allies) King.Kush: blue lol
(14:55 / Allies) King.Kush: tp?4?
(14:57 / Allies) iCumonyourmom: wait up
(14:58 / Allies) King.Kush: mno
(15:13 / Allies) Ratfink: b
(15:17 / Allies) King.Kush: b
(15:19 / Allies) King.Kush: b
(15:23 / Allies) King.Kush: we tpo to base
(15:31 / Allies) iCumonyourmom: come guys
(15:38 / Allies) iCumonyourmom: wait
(15:39 / Allies) iCumonyourmom: dont tp
(15:39 / Allies) iCumonyourmom: yet
(15:42 / Allies) King.Kush: i kw
(15:55 / Allies) King.Kush: let it go
(16:01 / Allies) iCumonyourmom: surrond them though
(16:04 / Allies) ROAD-KILL.: i just raped green
(16:09 / Allies) Ratfink: nice
(16:15 / Allies) ROAD-KILL.: level 7 alchy pro
(16:22 / Allies) King.Kush: googog
(17:34 / Allies) King.Kush: come
(17:36 / Allies) iCumonyourmom: atkk
(18:50 / Allies) Ratfink: don`t kill wards I can control
(18:56 / Allies) King.Kush: come
(18:58 / Allies) King.Kush: xpo
(19:07 / All) King.Kush: gg
(19:08 / All) ROAD-KILL.: im pro
(19:24 / Allies) Ratfink: nice
(19:24 / All) King.Kush: u iwsgh
(19:26 / All) King.Kush: lol
(19:30 / Allies) King.Kush: u think so eh
(19:33 / All) ROAD-KILL.: i had a level 8 alchy 4 min in
(19:41 / All) iCumonyourmom: GG
(19:42 / All) King.Kush: lol
(19:43 / Allies) iCumonyourmom: gj fellas
(19:47 / All) Ratfink: gg